 Dungeon Crawl Stone Soup version 0.29-a0-841-g116ddc6ace (webtiles) character file.

Game seed: 11542069318156363857

730 jimonade the Stinger (level 7, -3/51 HPs)
             Began as a Gnoll Venom Mage on July 14, 2022.
             Shot with a bolt by an orc warrior (9 damage)
             ... on level 6 of the Dungeon.
             The game lasted 00:16:46 (6800 turns).

jimonade the Stinger (Gnoll Venom Mage)             Turns: 6800, Time: 00:16:47

Health: -3/51      AC:  4    Str: 10    XL:     7   Next: 73%
Magic:  2/15       EV: 13    Int: 16    God:
Gold:   320        SH:  4    Dex: 14    Spells: 4/17 levels left

rFire   . . .      SeeInvis .   a - staff of poison
rCold   . . .      Faith    .   N - +0 buckler
rNeg    . . .      Spirit   .   x - +0 robe "Fidwarru" {Will++ Int+2 Dex+2}
rPois   +          Reflect  .   C - +0 helmet
rElec   .          Harm     .   (no cloak)
rCorr   .          Rampage  .   (no gloves)
Will    ++...                   L - +0 pair of boots
Stlth   +++.......              (no amulet)
HPRegen 0.17/turn               F - ring of wizardry
MPRegen 0.14/turn               (no ring)

@: no status effects
A: fangs 1, strong nose, distributed training
a: no special abilities


You were on level 6 of the Dungeon.
You visited 1 branch of the dungeon, and saw 6 of its levels.

You collected 320 gold pieces.

Inventory:

Hand Weapons
 b - a +0 short sword of venom
 e - a +0 hand axe
 f - a +0 dagger
 m - a +0 whip
 t - a +0 short sword
 y - a +0 broad axe
 J - a +0 spear
Missiles
 c - 59 stones
 M - 3 boomerangs
Armour
 d - a +0 leather armour
 i - a +2 scale mail of fire resistance
 k - an orb of wrath
 x - the +0 robe "Fidwarru" (worn) {Will++ Int+2 Dex+2}
   (You found it on level 3 of the Dungeon)

   Int:       It affects your intelligence (+2).
   Dex:       It affects your dexterity (+2).
   Will:      It greatly increases your willpower.
 B - a +0 chain mail
 C - a +0 helmet (worn)
 G - a +0 robe
 H - a +0 plate armour
 L - a +0 pair of boots (worn)
 N - a +0 buckler (worn)
Magical Staves
 a - a staff of poison (weapon)
Jewellery
 F - a ring of wizardry (left hand)
Scrolls
 g - a scroll of enchant weapon {unknown}
 h - a scroll of fear {unknown}
 n - 5 scrolls of identify {unknown}
 p - a scroll of summoning {unknown}
 s - 2 scrolls of teleportation {unknown}
 u - 2 scrolls of poison {unknown}
 v - a scroll of silence {unknown}
 w - a scroll of blinking {unknown}
 D - 2 scrolls of amnesia {unknown}
 E - a scroll of immolation {unknown}
Potions
 j - 2 potions of attraction {unknown}
 l - a potion of heal wounds {unknown}
 o - 3 potions of curing {unknown}
 q - a potion of cancellation {unknown}
 r - a potion of berserk rage {unknown}
 z - a potion of invisibility
 A - 2 potions of mutation {unknown}
 I - a potion of resistance {unknown}
 K - 2 potions of magic


   Skills:
 + Level 2.8 Fighting
 + Level 2.8 Short Blades
 + Level 2.8 Long Blades
 + Level 2.8 Axes
 + Level 2.8 Maces & Flails
 + Level 2.8 Polearms
 + Level 2.8 Staves
 + Level 2.8 Ranged Weapons
 + Level 2.8 Throwing
 + Level 2.8 Armour
 + Level 5.4 Dodging
 + Level 5.1 Stealth
 + Level 2.8 Shields
 + Level 2.8 Unarmed Combat
 + Level 5.8 Spellcasting
 + Level 2.2 Conjurations
 + Level 2.2 Hexes
 + Level 2.2 Summonings
 + Level 2.2 Necromancy
 + Level 2.2 Translocations
 + Level 3.1 Transmutations
 + Level 2.2 Fire Magic
 + Level 2.2 Ice Magic
 + Level 2.2 Air Magic
 + Level 2.2 Earth Magic
 + Level 5.9 Poison Magic
 + Level 3.1 Invocations
 + Level 2.8 Evocations


You had 4 spell levels left.
You knew the following spells:

 Your Spells              Type           Power      Damage    Failure   Level
a - Sting                 Tmut/Pois      100%       1d8       1%          1
b - Poisonous Vapours     Pois/Air       52%        N/A       2%          2
c - Mephitic Cloud        Conj/Pois/Air  23%        N/A       5%          3
d - Olgreb's Toxic Radia  Pois           35%        N/A       6%          4
e - Inner Flame           Hex/Fire       11%        N/A       9%          3

Your spell library contained the following spells:

 Spells                   Type           Power      Damage    Failure   Level
 Cause Fear               Hex            5%         N/A       28%         4
 Discord                  Hex            5%         N/A       100%        8


Dungeon Overview and Level Annotations

Branches:
Dungeon (6/15)
 Temple: D:4-7

Altars:
Makhleb
Ru


Innate Abilities, Weirdness & Mutations

You have very sharp teeth.
Your uncanny sense of smell can sniff out nearby items.
Your experience applies equally to all skills.


Message History

The orc warrior shoots a bolt.
The bolt hits you!
Casting: Olgreb's Toxic Radiance (dangerous; 6% risk of failure)
Confirm with . or Enter, or press ? or * to list all spells.
You feel a surge of power!
Your toxic radiance grows in intensity.
The orc warrior shoots a bolt.
The bolt closely misses you.
Casting: Olgreb's Toxic Radiance (dangerous; 6% risk of failure)
Confirm with . or Enter, or press ? or * to list all spells.
Okay, then.
Your toxic aura wanes.
The orc warrior shoots a bolt.
The bolt closely misses you.
You feel a surge of power!
The sting misses the orc warrior.
The orc warrior shoots a bolt.
The bolt barely misses you.
You feel a surge of power!
The sting hits the orc warrior but does no damage.
The orc warrior is poisoned.
The orc warrior shoots a bolt.
The bolt barely misses you.
You feel a surge of power!
The sting hits the orc warrior.
The orc warrior partially resists.
The orc warrior looks even sicker.
The orc warrior is lightly wounded.
The orc warrior shoots a bolt.
The bolt hits you.
You feel a surge of power!
The sting misses the orc warrior.
The orc warrior shoots a bolt.
The bolt barely misses you.
You feel a surge of power!
The sting misses the orc warrior.
The orc warrior shoots a bolt.
The bolt barely misses you.
You feel a surge of power!
The sting hits the orc warrior.
The orc warrior partially resists.
The orc warrior is lightly wounded.
You feel a surge of power!
The sting hits the orc warrior.
The orc warrior partially resists.
The orc warrior is moderately wounded.
The orc warrior shoots a bolt.
The bolt hits you!
You are too injured to fight recklessly!
The orc warrior shoots a bolt.
The bolt hits you!!
* * * LOW HITPOINT WARNING * * *
You are too injured to fight recklessly!
The orc warrior shoots a bolt.
You block the bolt.
Things that are here:
a +0 dagger; an orc skeleton The orc warrior shoots a bolt.
The bolt hits you!
You die...

#...<...#..#######.#
#....#.....## #.#
#<##........# #.#
#.####.....## #.#
#.# #..#..# ##.##
..####..#..# ##.#.##
...........#
##.###.###
..#######+## #.##
##..# ..# ##@###.#.#
.## ##)#.##.### ∆ .#
##.......### .####
####.........###.#.
....+
+......o...[.....o.
.####
####...#.#.#.###.#.
## #...#.#.#.# #
#.#.#.#.#.#
#.#.....#.#


You could see an orc warrior (poisoned).

Vanquished Creatures
  4 scorpions
  A hound (D:5)
  2 orc priests (D:6)
  5 iguanas
  Natasha (thrice) (D:3)
  2 orc wizards
  7 adders
  A worm (D:2)
  3 dart slugs
  9 orcs
  7 endoplasms
  4 giant cockroaches
  6 goblins
  10 hobgoblins
  10 jackals
  2 quokkas (D:1)
  3 ball pythons
  4 bats
  3 frilled lizards
  6 kobolds
  2 rats
94 creatures vanquished.

Notes
Turn   | Place    | Note
-------+----------+-------------------------------------------
     0 | D:1      | jimonade the Gnoll Venom Mage began the quest for the Orb.
     0 | D:1      | Reached XP level 1. HP: 13/13 MP: 6/6
   143 | D:1      | Found a faded altar of an unknown god.
   168 | D:1      | Reached XP level 2. HP: 17/19 MP: 4/7
  1076 | D:1      | Reached skill level 5 in Spellcasting
  1076 | D:1      | Reached XP level 3. HP: 13/25 MP: 5/9
  1567 | D:2      | Reached skill level 1 in Invocations
  1684 | D:2      | Found a sacrificial altar of Ru.
  1783 | D:2      | Reached skill level 1 in Fighting
  1783 | D:2      | Reached skill level 1 in Short Blades
  1783 | D:2      | Reached skill level 1 in Long Blades
  1783 | D:2      | Reached skill level 1 in Axes
  1783 | D:2      | Reached skill level 1 in Maces & Flails
  1783 | D:2      | Reached skill level 1 in Polearms
  1783 | D:2      | Reached skill level 1 in Staves
  1783 | D:2      | Reached skill level 1 in Ranged Weapons
  1783 | D:2      | Reached skill level 1 in Throwing
  1783 | D:2      | Reached skill level 1 in Armour
  1783 | D:2      | Reached skill level 1 in Shields
  1783 | D:2      | Reached skill level 1 in Unarmed Combat
  1783 | D:2      | Reached skill level 1 in Evocations
  2081 | D:2      | Reached XP level 4. HP: 32/32 MP: 9/11
  2669 | D:3      | Reached skill level 1 in Conjurations
  2669 | D:3      | Reached skill level 1 in Hexes
  2669 | D:3      | Reached skill level 1 in Summonings
  2669 | D:3      | Reached skill level 1 in Necromancy
  2669 | D:3      | Reached skill level 1 in Translocations
  2669 | D:3      | Reached skill level 1 in Fire Magic
  2669 | D:3      | Reached skill level 1 in Ice Magic
  2669 | D:3      | Reached skill level 1 in Air Magic
  2669 | D:3      | Reached skill level 1 in Earth Magic
  2760 | D:3      | Identified the +0 robe "Fidwarru" {Will++ Int+2 Dex+2}
  2984 | D:3      | Noticed Natasha
  2992 | D:3      | Killed Natasha
  3118 | D:3      | Noticed Natasha
  3126 | D:3      | Killed Natasha
  3127 | D:3      | Reached XP level 5. HP: 27/37 MP: 8/12
  3315 | D:3      | Noticed Natasha
  3321 | D:3      | Killed Natasha
  4152 | D:3      | Reached XP level 6. HP: 10/44 MP: 10/14
  4742 | D:4      | Learned a level 2 spell: Poisonous Vapours
  4746 | D:4      | Learned a level 3 spell: Mephitic Cloud
  4751 | D:4      | Learned a level 4 spell: Olgreb's Toxic Radiance
  4784 | D:5      | Entered Level 5 of the Dungeon
  4876 | D:5      | Reached skill level 5 in Dodging
  4911 | D:5      | Found a burning altar of Makhleb.
  5412 | D:5      | Reached XP level 7. HP: 51/51 MP: 10/15
  5598 | D:5      | Learned a level 3 spell: Inner Flame
  6275 | D:6      | Reached skill level 5 in Stealth
  6800 | D:6      | Shot with a bolt by an orc warrior

Illustrated notes

Levels and vault maps discovered:
D:1:      dpeg_arrival_signposts, layout_basic,
          hellmonk_ecumenical_altar_crossroads
D:2:      layout_loops_ring, basic_altar, minmay_hedge_maze
D:3:      layout_basic, serial_glass, glass_columns_a, glass_columns_a,
          uniq_natasha
D:4:      cheibrodos_quashed, layout_loops_ring
D:5:      layout_basic, makhleb_heckhound_becter, nicolae_zen_rock_garden,
          minmay_misc_feat_secret_circle
D:6:      lemuel_insect_pit, layout_loops_corners, temple_hall_moat

Skill      XL: |  1  2  3  4  5  6  7 |
---------------+----------------------+-----
Transmutations | 2 3 |  3.1
Spellcasting   | 5 |  5.8
Invocations    | 1 2 3 |  3.1
Fighting       | 1 2 |  2.8
Short Blades   | 1 2 |  2.8
Long Blades    | 1 2 |  2.8
Axes           | 1 2 |  2.8
Maces & Flails | 1 2 |  2.8
Polearms       | 1 2 |  2.8
Staves         | 1 2 |  2.8
Ranged Weapons | 1 2 |  2.8
Throwing       | 1 2 |  2.8
Armour         | 1 2 |  2.8
Shields        | 1 2 |  2.8
Unarmed Combat | 1 2 |  2.8
Evocations     | 1 2 |  2.8
Conjurations   | 1 2 |  2.2
Hexes          | 1 2 |  2.2
Summonings     | 1 2 |  2.2
Necromancy     | 1 2 |  2.2
Translocations | 1 2 |  2.2
Fire Magic     | 1 2 |  2.2
Ice Magic      | 1 2 |  2.2
Air Magic      | 1 2 |  2.2
Earth Magic    | 1 2 |  2.2
Dodging        | 5 |  5.4
Stealth        | 5 |  5.1
Poison Magic   | |  5.9

Action                   |  1- 3 |  4- 6 |  7- 9 || total
-------------------------+-------+-------+-------++-------
Melee: Dagger            |    44 |    34 |       ||    78
       Bite              |     6 |     1 |       ||     7
       Punch             |       |     1 |       ||     1
 Cast: Sting             |    55 |    99 |    28 ||   182
       Olgreb's Toxic Ra |       |     5 |     5 ||    10
Armor: Robe              |     8 |    15 |     2 ||    25
Dodge: Dodged            |    38 |    57 |    12 ||   107
Block: Buckler           |       |       |     2 ||     2

Table legend: (Time is in decaauts)
 A = Elapsed time spent in this place.
 B = Non-inter-level travel time spent in this place.
 C = Inter-level travel time spent in this place.
 D = Time resting spent in this place.
 E = Time spent auto-exploring this place.
 F = Levels seen in this place.
 G = Mean time per level.
                   A        B        C        D        E       F      G
               +--------+--------+--------+--------+--------+-----+--------+
         Total |   6797 |   6466 |    331 |   1249 |   4020 |   6 | 1132.8 |
       Dungeon |   6797 |   6466 |    331 |   1249 |   4020 |   6 | 1132.8 |
               +--------+--------+--------+--------+--------+-----+--------+

Top non-repeatable levels by time:
     D:5: 1585 daAuts
     D:1: 1491 daAuts
     D:3: 1216 daAuts
     D:2: 1131 daAuts
     D:4: 1045 daAuts
     D:6: 326 daAuts
